 Seeded DCSS version 0.30.1-4-g462c640d31 (webtiles) character file.

Game seed: 15660985446129201502 (custom seed)

72 AccursedSamuel the Chopper (level 4, -7/29 HPs)
             Began as a Tengu Monk on Sept 12, 2023.
             Was a Believer of Lugonu.
             Mangled by Crazy Yiuf
             ... wielding a +3 quarterstaff of chaos
              (14 damage)
             ... on level 2 of the Dungeon.
             The game lasted 00:05:13 (726 turns).

AccursedSamuel the Chopper (Tengu Monk)              Turns: 726, Time: 00:05:14

Health: -7/29      AC:  2    Str: 11    XL:     4   Next: 26%
Magic:  5/5        EV: 14    Int: 10    God:    Lugonu [**....]
Gold:   71         SH:  0    Dex: 19    Spells: 3/3 levels left

rFire   . . .        e - +5 hand crossbow
rCold   . . .        d - orb {light}
rNeg    . . .        b - +0 robe
rPois   .            (helmet restricted)
rElec   .            (no cloak)
rCorr   .            (no gloves)
SInv    .            (boots unavailable)
Will    .....        (no amulet)
Stlth   +            (no ring)
HPRegen 0.24/turn    (no ring)
MPRegen 0.09/turn

%: no passive effects
@: hasted, glowing, very quick
A: beak, talons 3
a: Renounce Religion, Depart the Abyss, Banish


You were on level 2 of the Dungeon.
You worshipped Lugonu.
Lugonu was pleased with you.
You visited 1 branch of the dungeon, and saw 2 of its levels.

You collected 71 gold pieces.

Inventory:

Hand Weapons
 a - a +0 hand axe
 e - a +5 hand crossbow (weapon)
Armour
 b - a +0 robe (worn)
 d - an orb of light (worn)
Jewellery
 i - a +4 ring of protection
Scrolls
 f - a scroll of identify {unknown}
 j - a scroll of teleportation {unknown}
 l - a scroll of enchant armour {unknown}
 m - a scroll of noise {unknown}
 o - a scroll of immolation {unknown}
Potions
 c - a potion of ambrosia
 g - a potion of heal wounds {unknown}
 h - 2 potions of magic {unknown}
 k - a potion of flight {unknown}
 n - a potion of degeneration {unknown}
 p - a potion of attraction {unknown}


   Skills:
 + Level 3.6 Fighting
 + Level 4.0 Axes
 + Level 1.2 Ranged Weapons
 + Level 4.0 Dodging
 + Level 0.1 Stealth


You had 3 spell levels left.
You didn't know any spells.
Your spell library contained the following spells:

 Spells                   Type           Power      Damage    Failure   Level
 Cigotuvi's Dreadful Rot  Necr/Pois/Air  0%         N/A       50%         2
 Dispel Undead            Necr           0%         3d6       98%         4
 Death Channel            Necr           0%         N/A       100%        6


Dungeon Overview and Level Annotations

Branches:
Dungeon (2/15)

Altars:
Lugonu

Annotations:
D:2 Crazy Yiuf


Innate Abilities, Weirdness & Mutations

You have a beak for a mouth.
You have claws for feet.


Message History

You enter the shallow water.
Moving in this stuff is going to be slow.
You enter the shallow water.
Moving in this stuff is going to be slow.
Found a hammer.
Found a runed translucent door.
Crazy Yiuf shouts!
You open the door.
There is an open door here.
Found a stone staircase leading down.
There is an open door here.
Crazy Yiuf shouts!
Crazy Yiuf grits, "Cholesterol aubergine snail!"
Crazy Yiuf grits, "Island!
Adder Hive light."
Could not explore, unopened runed door.
Could not explore, unopened runed door.
Could not explore, unopened runed door.
Fire: e) +5 hand crossbow
Press: ? - help, Q - select action, (/) - cycle Shift-Dir - straight line, f - Crazy Yiuf
Aim: Crazy Yiuf, wielding a +3 quarterstaff of chaos and wearing a +2 cloak (haloed, fire blocked by a runed translucent door, 85% to hit)
There's something in the way.
Okay, then.
Number of times to repeat, then command key: You must enter the number of times for the command to repeat.
Unknown command.
Unknown command.
You open the door.
Fire: e) +5 hand crossbow
Press: ? - help, Q - select action, (/) - cycle Shift-Dir - straight line, f/p - Crazy Yiuf
Aim: Crazy Yiuf, wielding a +3 quarterstaff of chaos and wearing a +2 cloak (haloed, 85% to hit)
You shoot a bolt. The bolt hits Crazy Yiuf.
Crazy Yiuf is lightly wounded.
Crazy Yiuf hits you with a +3 quarterstaff of chaos!
Crazy Yiuf burns you.
Crazy Yiuf hits you with a +3 quarterstaff of chaos!
* * * LOW HITPOINT WARNING * * *
You feel yourself speed up.
You shoot a bolt. The bolt hits Crazy Yiuf.
Crazy Yiuf is moderately wounded.
Crazy Yiuf hits you with a +3 quarterstaff of chaos!
You die...

#####.###.##..........####
..........##.............##
..................######..#
........)########## ##.#
##..#.##[# #.# ...>..##.#
#.## ########.# ### ####..#
# ### #)..### ##.....# #
#...g@####......# #
#...##..#......## ###
###.#....## ########


You could see Crazy Yiuf.

Vanquished Creatures
  Jessica (D:2)
  An adder (D:2)
  A dart slug (D:2)
  4 endoplasms (D:2)
  2 giant cockroaches (D:2)
  4 goblins
  2 hobgoblins
  3 kobolds
  4 quokkas
  2 ball pythons
  A bat (D:1)
  4 frilled lizards (D:2)
  5 rats
  A spectral kobold (D:2)
35 creatures vanquished.

Notes
Turn   | Place    | Note
-------+----------+-------------------------------------------
     0 | D:1      | AccursedSamuel the Tengu Monk began the quest for the Orb.
     0 | D:1      | Reached XP level 1. HP: 14/14 MP: 2/2
    69 | D:1      | Reached XP level 2. HP: 18/19 MP: 3/3
   139 | D:1      | Identified a scroll of acquirement
   139 | D:1      | Acquired a +5 hand crossbow
   275 | D:2      | Noticed Jessica
   279 | D:2      | Killed Jessica
   280 | D:2      | Reached XP level 3. HP: 23/23 MP: 4/4
   448 | D:2      | Reached XP level 4. HP: 27/29 MP: 5/5
   503 | D:2      | Reached skill level 1 in Ranged Weapons
   506 | D:2      | Found a faded altar of an unknown god.
   523 | D:2      | Prayed at the altar of an unknown god.
   523 | D:2      | Became a worshipper of Lugonu the Unformed
   523 | D:2      | Reached * piety under Lugonu
   523 | D:2      | Reached ** piety under Lugonu
   603 | D:2      | Found a runed translucent door.
   604 | D:2      | Noticed Crazy Yiuf
   726 | D:2      | Mangled by Crazy Yiuf

Illustrated notes

Levels and vault maps discovered:
D:1:      minmay_arrival_pointy, layout_loops_ring, minmay_gold_behind_fungi
D:2:      layout_basic, dreamdust_ecumenical_altar_drowned_temple,
          hangedman_decor_clover_reticule, fountainhead,
          uniq_crazy_yiuf_cottage, uniq_jessica

Skill      XL: |  1  2  3  4 |
---------------+-------------+-----
Axes           | 4 |  4.0
Dodging        | 4 |  4.0
Ranged Weapons | 1 |  1.2
Fighting       | |  3.6
Stealth        | |  0.1

Action                     |  1- 3 |  4- 6 || total
---------------------------+-------+-------++-------
  Melee: Hand axe          |    16 |       ||    16
         Kick              |     1 |       ||     1
         Peck              |     1 |       ||     1
   Fire: Hand crossbow     |    27 |    10 ||    37
    Use: Scroll            |     1 |       ||     1
 Armour: Robe              |     5 |       ||     5
  Dodge: Dodged            |    35 |       ||    35
